 Dungeon Crawl Stone Soup version 0.24-a0-250-g6074511 (webtiles) character file.

Game seed: 1694395458616341776

341 Borgoz the Cutter (level 6, 0/38 HPs)
             Began as a Kobold Gladiator on Apr 15, 2019.
             Slain by Hasart's ghost (1 damage)
             ... on level 3 of the Dungeon.
             The game lasted 00:07:12 (3014 turns).

Borgoz the Cutter (Kobold Gladiator)                Turns: 3014, Time: 00:07:12

Health: 0/38       AC:  6    Str: 19    XL:     6   Next: 87%
Magic:  6/6        EV: 16    Int:  9    God:
Gold:   187        SH:  0    Dex: 16    Spells: 5/5 levels left

rFire    + . .     SeeInvis .   r - +0 rapier
rCold    . . .     Gourm    .   (shield restricted)
rNeg     . . .     Faith    .   e - +0 ring mail
rPois    .         Spirit   .   c - +0 helmet
rElec    .         Reflect  .   (no cloak)
rCorr    .         Harm     .   (no gloves)
MR       .....                  (no boots)
Stlth    ++........             (no amulet)
HPRegen  0.12/turn              (no ring)
MPRegen  0.10/turn              (no ring)

@: mighty, flying
A: small, carnivore, fire resistance 1, wild magic 1
a: no special abilities


You were on level 3 of the Dungeon.
You were very full.

You visited 1 branch of the dungeon, and saw 3 of its levels.

You collected 187 gold pieces.

Inventory:

Hand Weapons
 a - a +0 rapier
 o - a +0 rapier
 r - a +0 rapier (weapon)
Armour
 c - a +0 helmet (worn)
 e - a +0 ring mail (worn)
Scrolls
 g - 3 scrolls of remove curse
 h - 3 scrolls of identify {unknown}
 j - 2 scrolls of amnesia {unknown}
 k - a scroll of random uselessness {unknown}
Potions
 m - a potion of heal wounds {unknown}
 n - a potion of brilliance {unknown}
 q - a potion of magic {unknown}
Comestibles
 f - 11 rations
 l - 4 chunks of flesh


   Skills:
 + Level 3.7 Fighting
 + Level 5.5 Short Blades
 - Level 2.1 Throwing
 + Level 2.1 Armour
 + Level 5.0 Dodging
 + Level 3.9 Stealth


You had 5 spell levels left.
You didn't know any spells.
Your spell library was empty.

Dungeon Overview and Level Annotations

Branches:
Dungeon (3/15)

Altars:
Dithmenos
Makhleb
Qazlal
Zin

Annotations:
D:3 Hasart's ghost, amateur KoGl


Innate Abilities, Weirdness & Mutations

You are small and have problems with some larger weapons.
You are carnivorous and can eat meat at any time.
Your flesh is heat resistant. (rF+)
Your spells are a little harder to cast, but a little more powerful.


Message History

You throw a throwing net. The throwing net misses Hasart's ghost.
The throwing net hits the rat.
The rat is caught in the net!
Hasart's ghost barely misses you.
The rat twitches its whiskers.
The rat struggles against the net.
You puncture Hasart's ghost!
Hasart's ghost is moderately damaged.
Hasart's ghost closely misses you.
The rat struggles against the net.
You hit Hasart's ghost.
Hasart's ghost is moderately damaged.
Hasart's ghost hits you.
* * * LOW HITPOINT WARNING * * *
The rat struggles against the net.
You puncture Hasart's ghost!
Hasart's ghost is heavily damaged.
Hasart's ghost closely misses you.
You hit Hasart's ghost.
Hasart's ghost is severely damaged.
The rat struggles against the net.
Hasart's ghost hits you.
You die...

...#.# ..........# ### #.#
.....###.#<####..#######.#
...........# #....+_+...##
.÷...##...#####..###+###..######.
.#...............# #.# #.........
.#..#.......###..###.###..#######
.#...................[...##
.<.##...........#######..##
.####.......###.@Wr..†....# .#
#.......# #####.#####.# .#
#.......# #.## #.# .######..._.#
#r†# #.# ............# ##.## #.#
.######...#.# #...# #.# )#
##.##.# ##(## #.# .# #.##.# #≈≈≈#
#.# .#######.##.# #≈w≈# #.#


You could see Hasart's ghost and a rat (caught).

Vanquished Creatures
  Sigmund (D:3)
  Terence (D:3)
  4 adders
  2 oozes (D:1)
  2 worms
  4 dart slugs
  3 leopard geckos (D:1)
  An orc (D:3)
  2 ball pythons
  10 bats
  2 giant cockroaches
  9 goblins
  12 hobgoblins
  13 jackals
  4 frilled lizards
  8 kobolds
  11 rats
89 creatures vanquished.

Notes
Turn   | Place    | Note
-------+----------+-------------------------------------------
     0 | D:1      | Borgoz the Kobold Gladiator began the quest for the Orb.
     0 | D:1      | Reached XP level 1. HP: 12/12 MP: 1/1
    40 | D:1      | Reached XP level 2. HP: 18/18 MP: 2/2
    46 | D:1      | Reached skill level 1 in Stealth
   355 | D:1      | Reached XP level 3. HP: 19/22 MP: 3/3
   696 | D:1      | Reached skill level 1 in Armour
   696 | D:1      | Reached XP level 4. HP: 9/27 MP: 4/4
  1221 | D:2      | Found a glowing silver altar of Zin.
  1880 | D:2      | Reached XP level 5. HP: 30/32 MP: 5/5
  2348 | D:3      | Noticed Terence
  2382 | D:3      | Killed Terence
  2435 | D:3      | Noticed Sigmund
  2454 | D:3      | Killed Sigmund
  2454 | D:3      | Reached skill level 5 in Short Blades
  2454 | D:3      | Reached XP level 6. HP: 23/38 MP: 6/6
  2633 | D:3      | Found a stormy altar of Qazlal.
  2639 | D:3      | Found a burning altar of Makhleb.
  2892 | D:3      | Reached skill level 5 in Dodging
  2902 | D:3      | Found a shadowy altar of Dithmenos.
  2988 | D:3      | Found a runed translucent door.
  2992 | D:3      | Noticed Hasart's ghost (amateur KoGl)
  2999 | D:3      | Gained mutation: Your mind is acute. (Int +2) [potion of
                  | mutation]
  2999 | D:3      | Lost mutation: Your mind is acute. (Int +2) [potion of
                  | mutation]
  2999 | D:3      | Gained mutation: Your flesh is heat resistant. (rF+)
                  | [potion of mutation]
  2999 | D:3      | Gained mutation: Your spells are a little harder to cast,
                  | but a little more powerful. [potion of mutation]
  3012 | D:3      | HP: 1/38 [Hasart's ghost (6)]
  3014 | D:3      | Slain by Hasart's ghost

Levels and vault maps discovered:
D:1:      scummos_arrival_hexagon, layout_loops_cross, serial_forest,
          infiniplex_forest_split, infiniplex_forest_clump_diagonal,
          infiniplex_forest_lined_3_way, infiniplex_forest_corner_1,
          infiniplex_forest_clump_double, infiniplex_forest_straight_1,
          infiniplex_forest_join, infiniplex_forest_clump_small
D:2:      layout_loops_corners, lemuel_coloured_pillars_altar, first_ration
D:3:      layout_loops_ring, lemuel_doored_altar,
          nicolae_overflow_hidden_temple, bloody_makhleb, ebering_ghost_sewer_f,
          minmay_strange_pillars, uniq_sigmund, uniq_terence

Skill      XL: |  1  2  3  4  5  6 |
---------------+-------------------+-----
Stealth        | 1 2 3 |  3.9
Dodging        | 4 5 |  5.0
Armour         | 1 2 |  2.1
Fighting       | 3 |  3.7
Short Blades   | 5 |  5.5
Throwing       | |  2.1

Action                   |  1- 3 |  4- 6 || total
-------------------------+-------+-------++-------
Melee: Rapier            |   106 |   236 ||   342
Throw: Throwing net      |       |     3 ||     3
  Use: Scroll            |     4 |       ||     4
       Potion            |       |     3 ||     3
 Stab: Sleeping          |     3 |     4 ||     7
       Held in net/web   |       |     1 ||     1
  Eat: Chunk             |     7 |     8 ||    15
Armor: Leather armour    |    32 |     4 ||    36
       Ring mail         |       |    53 ||    53
Dodge: Dodged            |   111 |   223 ||   334

Table legend:
 A = Non-vault XP
 B = Vault XP
 C = Vault XP percentage of total XP
 D = Non-vault monster count
 E = Vault monster count
 F = Vault count percentage of total count
                 A         B        C        D         E       F
            +---------+---------+-------+---------+---------+-------
      Total |     221 |     267 |  54.7 |      87 |       2 |   2.2
            +---------+---------+-------+---------+---------+-------
        D:1 |      76 |       0 |   0.0 |      33 |       0 |   0.0
        D:2 |      79 |       0 |   0.0 |      30 |       0 |   0.0
        D:3 |      66 |     267 |  80.2 |      24 |       2 |   7.7
            +---------+---------+-------+---------+---------+-------
